 Dungeon Crawl Stone Soup version 0.26-a0-597-gb535b0901c (webtiles) character file.

Game seed: 9832239283139770442

75005 Flugslaktarn the Warrior (level 15, 2/147 HPs)
             Began as a Minotaur Fighter on Sept 13, 2020.
             Was the Champion of Makhleb.
             Quit the game on level 2 of the Snake Pit.
             The game lasted 00:12:06 (20432 turns).

Flugslaktarn the Warrior (Minotaur Fighter)        Turns: 20432, Time: 00:12:07

Health: 2/147      AC: 24    Str: 29    XL:     15   Next: 8%
Magic:  21/21      EV:  2    Int: 10    God:    Makhleb [******]
Gold:   767        SH: 26    Dex: 23    Spells: 14/14 levels left

rFire    . . .     SeeInvis .   b - +2 war axe (vorpal)
rCold    . . .     Faith    +   k - +5 tower shield "Sakerack" {rElec Str-2 Dex+7}
rNeg     . . .     Spirit   .   h - +0 plate armour
rPois    .         Reflect  .   y - +1 hat {Int+3}
rElec    +         Harm     .   A - +0 cloak
rCorr    .                      J - +1 pair of gloves
MR       +....                  p - +2 pair of boots
Stlth    ..........             C - amulet of faith
HPRegen  0.34/turn              B - +6 ring of dexterity
MPRegen  0.17/turn              e - +6 ring of strength

@: lethally poisoned (2 -> -18), slowed, constricted, lightly drained, very slow
A: retaliatory headbutt, horns 2
a: Minor Destruction, Lesser Servant of Makhleb, Major Destruction, Greater
Servant of Makhleb, Renounce Religion


You were on level 2 of the Snake Pit.
You worshipped Makhleb.
Makhleb was exalted by your worship.
You visited 5 branches of the dungeon, and saw 24 of its levels.

You collected 2068 gold pieces.
You spent 1301 gold pieces at shops.

Inventory:

Hand Weapons
 b - a +2 vorpal war axe (weapon)
   (You found it on level 7 of the Dungeon)
Missiles
 o - 5 throwing nets (quivered)
Armour
 g - a +2 chain mail of fire resistance
   (You took it off an orc warrior on level 6 of the Dungeon)
 h - a +0 plate armour (worn)
   (You took it off an orc warrior on level 6 of the Dungeon)
 k - the +5 tower shield "Sakerack" (worn) {rElec Str-2 Dex+7}
   (You acquired it on level 11 of the Dungeon)

   It affects your strength (-2).
   It affects your dexterity (+7).
   It insulates you from electricity.
 p - a +2 pair of boots (worn)
   (You found it on level 7 of the Dungeon)
 y - a +1 hat of intelligence (worn)
   (You took it off Gastronok on level 9 of the Dungeon)
 A - a +0 cloak (worn)
   (You found it on level 9 of the Dungeon)
 J - a +1 pair of gloves (worn)
   (You found it on level 14 of the Dungeon)
Jewellery
 e - a +6 ring of strength (right hand)
   (You found it on level 13 of the Dungeon)
 B - a +6 ring of dexterity (left hand)
   (You found it on level 10 of the Dungeon)
 C - an amulet of faith (around neck)
   (You found it on level 13 of the Dungeon)
Wands
 a - a wand of enslavement (16)
   (You took it off an orc warrior on level 7 of the Dungeon)
 j - a wand of iceblast (38)
   (You found it on level 4 of the Dungeon)
 u - a wand of acid (6)
   (You found it on level 9 of the Dungeon)
 F - a wand of digging (8)
   (You found it on level 13 of the Dungeon)
Scrolls
 c - a scroll of enchant armour
 i - 3 scrolls of silence
 l - 5 scrolls of fog
 r - a scroll of identify
 t - 4 scrolls of teleportation
 x - 8 scrolls of remove curse
 z - 3 scrolls of blinking
 D - 2 scrolls of brand weapon
 E - 4 scrolls of immolation
 K - 2 scrolls of fear
 L - a scroll of magic mapping
 M - 6 scrolls of enchant weapon
Potions
 d - 3 potions of might
 m - 2 potions of flight
 n - 2 potions of resistance
 q - 5 potions of curing
 s - 3 potions of mutation
 v - a potion of cancellation
 w - 3 potions of heal wounds
 H - 4 potions of ambrosia
 I - 2 potions of magic


   Skills:
 * Level 17.0(16.5) Fighting
 * Level 16.8(16.2) Axes
 + Level 12.7(12.2) Armour
 + Level 12.7(12.3) Shields
 + Level 9.5(9.1) Invocations


You had 14 spell levels left.
You didn't know any spells.
Your spell library was empty.

Dungeon Overview and Level Annotations

Branches:
Dungeon (15/15)            Temple (1/1) D:7            Lair (4/6) D:8
 Shoals (0/4) Lair:4        Snake (2/4) Lair:4          Orc (2/2) D:9
    Elf (0/3) Orc:2        Vaults (0/5) D:13         Depths (0/5) D:15

Altars:
Ashenzari
Cheibriados
Dithmenos
Elyvilon
Fedhas
Gozag
Hepliaklqana
Kikubaaqudgha
Makhleb
Nemelex Xobeh
Okawaru
Qazlal
Ru
Sif Muna
Trog
Uskayaw
Vehumet
Wu Jian
Xom
Yredelemnul
Zin
The Shining One
Beogh

Shops:
D:9 **   D:11 *   D:13 (   Orc:2 !(}?

Portals:
Trove: D:14 (give 12 potions of heal wounds)

Annotations:
D:14 Dido's ghost, journeyman MiFi
Lair:4 1 runed translucent door, exclusion: 4 oklob plants
Snake:2 Aizul
Orc:1 2 transporters, Cokeysmoke's ghost, journeyman GnWn


Innate Abilities, Weirdness & Mutations

You reflexively headbutt those who attack you in melee.
You have a pair of horns on your head.


Message History

The guardian serpent coils itself and waves its upper body at you.
The guardian serpent blinks!
The nagaraja blinks!
The naga blinks! x2
Aizul hits you!
* * * LOW HITPOINT WARNING * * *
You block the anaconda's attack.
The anaconda bites you but does no damage.
The nagaraja points at you and mumbles some strange words.
The bolt of poison hits the naga!
The naga is poisoned.
The bolt of poison hits you!
You are lethally poisoned!
* * * LOW HITPOINT WARNING * * *
The bolt of poison hits the guardian serpent.
You block the guardian serpent's attack.
You block the naga's attack. x2; The naga hits you but does no damage.
The naga grabs you. The naga constricts you. Aizul hits you but does no damage.
The anaconda bites you but does no damage.
The nagaraja hits you but does no damage.
You block the guardian serpent's attack.
Unknown command.
Are you sure you want to abandon this character and quit the game? (Confirm with "yes".)

##..NNS....#.
...#...SS.§.....
#.....SSS......
#......>.>....#
####...§.....##
# #...S...:.#
... ##..S....###
#...###SN.###.#
#..N@NNN....#
#..SSN....).#
####...#....#
#....#....#
..######### ##


You could see Aizul, 3 nagarajas, a salamander, 2 anacondas, a shock serpent, a
mana viper, 2 guardian serpents, a black mamba and 2 nagas.

Vanquished Creatures
  Gastronok (D:9)
  Harold (Lair:2)
  4 hydras
  An anaconda (Snake:1)
  2 centaur warriors
  2 dancing weapons (D:13)
  6 two-headed ogres
  A tengu warrior (D:14)
  3 ogre magi (Orc:2)
  Nergalle (D:12)
  2 unseen horrors
  A wizard (D:15)
  A necromancer (D:15)
  Pikel (D:8)
  4 deep elf magi
  7 orc sorcerers (Orc:2)
  A wolf spider zombie (D:14)
  A mana viper (Snake:2)
  An orc knight (Orc:1)
  A manticore (D:15)
  5 cyclopes
  6 ugly things
  6 elephants (Lair:4)
  A guardian serpent (shapeshifter) (D:15)
  6 black mambas
  Maurice (D:12)
  3 gargoyles
  4 naga magi
  4 centaur skeletons
  7 cane toads
  4 komodo dragons
  An efreet (D:13)
  A tengu conjurer (D:14)
  A queen bee (Lair:2)
  Prince Ribbit (D:6)
  5 trolls
  7 blink frogs
  10 slime creatures
  A hippogriff (shapeshifter) (D:13)
  A harpy skeleton (D:15)
  A meliai zombie (D:11)
  11 hippogriffs
  A water elemental (D:15)
  3 wraiths
  3 shadows
  56 yaks
  Grum (D:10)
  3 wyverns
  A golden eye (shapeshifter) (D:14)
  5 basilisks
  2 vampire mosquitoes (D:13)
  10 nagas
  A swamp worm (shapeshifter) (D:15)
  11 water moccasins
  10 porcupines
  Duvessa (D:7)
  An ice beast (D:15)
  5 sky beasts
  A hornet zombie (D:13)
  2 gnoll sergeants (D:7)
  An eye of draining (D:10)
  24 orc warriors
  3 black bears
  4 wolves (D:10)
  A phantom (D:10)
  9 centaurs
  12 ogres
  A necrophage (D:8)
  5 crocodiles
  18 bullfrogs
  Dowan (D:7)
  24 killer bees
  7 scorpions
  2 howler monkeys
  13 wights
  2 electric eels (D:15)
  A quasit (D:10)
  3 bullfrog zombies
  5 centaur zombies
  A jelly (D:6)
  3 bullfrog skeletons
  A gnoll shaman (D:7)
  A wyvern simulacrum (D:14)
  11 hounds
  12 orc priests
  An iguana (D:12)
  Jessica (D:2)
  40 orc wizards
  5 worker ants
  A killer bee zombie (D:7)
  A hound zombie (D:11)
  3 hound skeletons
  A worker ant zombie (D:6)
  8 gnolls
  9 adders
  A shadow imp (D:10)
  5 white imps
  An ufetubus (D:6)
  An adder zombie (D:6)
  2 adder skeletons
  A worm (D:4)
  A leopard gecko (D:4)
  68 orcs
  3 ball pythons
  3 bats
  3 giant cockroaches
  4 goblins
  7 hobgoblins
  3 jackals (D:10)
  5 quokkas
  A frilled lizard (D:2)
  10 kobolds (D:7)
  3 leopard gecko skeletons
  A quokka skeleton (D:6)
  A quokka zombie (D:9)
  6 rats
611 creatures vanquished.

Vanquished Creatures (collateral kills)
  A hydra (Lair:4)
  A blink frog (Lair:4)
  5 yaks (Lair:2)
  A hound (D:7)
8 creatures vanquished.

Vanquished Creatures (others)
  An orc warrior (D:7)
  A killer bee zombie (D:9)
  An orc (D:4)
  27 fungi
  43 plants
73 creatures vanquished.

Grand Total: 692 creatures vanquished

Notes
Turn   | Place    | Note
-------+----------+-------------------------------------------
     0 | D:1      | Flugslaktarn the Minotaur Fighter began the quest for the
                  | Orb.
     0 | D:1      | Reached XP level 1. HP: 19/19 MP: 0/0
   163 | D:2      | Found a blossoming altar of Fedhas.
   174 | D:2      | Reached XP level 2. HP: 27/27 MP: 1/1
   217 | D:2      | Noticed Jessica
   225 | D:2      | Killed Jessica
   225 | D:2      | Reached skill level 4 in Fighting
   225 | D:2      | Reached XP level 3. HP: 30/33 MP: 2/2
   231 | D:2      | Reached XP level 4. HP: 39/41 MP: 3/3
   542 | D:4      | Reached skill level 5 in Fighting
   544 | D:4      | Reached XP level 5. HP: 34/48 MP: 4/4
  1037 | D:4      | Found an ancient bone altar of Kikubaaqudgha.
  1252 | D:4      | Reached XP level 6. HP: 56/56 MP: 5/5
  1538 | D:5      | Entered Level 5 of the Dungeon
  1592 | D:5      | Reached skill level 5 in Axes
  1635 | D:5      | Noticed a sky beast
  1659 | D:5      | Killed a sky beast
  1659 | D:5      | Reached skill level 6 in Fighting
  1659 | D:5      | Reached skill level 5 in Shields
  1964 | D:5      | Noticed a sky beast
  1969 | D:5      | Killed a sky beast
  1969 | D:5      | Reached skill level 5 in Armour
  1969 | D:5      | Reached XP level 7. HP: 64/64 MP: 6/6
  2549 | D:6      | Noticed Prince Ribbit
  2552 | D:6      | Reached skill level 7 in Fighting
  2865 | D:6      | Killed Prince Ribbit
  2865 | D:6      | Reached XP level 8. HP: 38/73 MP: 7/7
  3169 | D:6      | Reached skill level 8 in Fighting
  4137 | D:7      | Noticed a hippogriff
  4139 | D:7      | Found a staircase to the Ecumenical Temple.
  4143 | D:7      | Killed a hippogriff
  4143 | D:7      | Reached skill level 9 in Fighting
  4143 | D:7      | Reached XP level 9. HP: 71/83 MP: 8/8
  4162 | Temple   | Entered the Ecumenical Temple
  4268 | Temple   | Became a worshipper of Makhleb the Destroyer
  4324 | D:7      | Noticed a two-headed ogre
  4333 | D:7      | Killed a two-headed ogre
  4333 | D:7      | Reached skill level 1 in Invocations
  4803 | D:7      | Noticed Duvessa
  4803 | D:7      | Noticed Dowan
  4812 | D:7      | Killed Duvessa
  4817 | D:7      | Killed Dowan
  4850 | D:7      | Found a white marble altar of Elyvilon.
  4894 | D:7      | Found an iron altar of Okawaru.
  5062 | D:7      | Found a basalt altar of Yredelemnul.
  5139 | D:7      | Reached skill level 10 in Fighting
  5864 | D:8      | Reached skill level 10 in Axes
  5913 | D:8      | Reached XP level 10. HP: 81/94 MP: 11/11
  5923 | D:8      | Reached * piety under Makhleb
  6004 | D:8      | Found a burning altar of Makhleb.
  6058 | D:8      | Noticed Pikel
  6066 | D:8      | Killed Pikel
  6085 | D:8      | Found a shimmering altar of Xom.
  6086 | D:8      | Found a sacrificial altar of Ru.
  6089 | D:8      | Found a hazy altar of Hepliaklqana.
  6089 | D:8      | Found a shadowy altar of Dithmenos.
  6161 | D:8      | Found a shattered altar of Ashenzari.
  6407 | D:8      | Found a staircase to the Lair.
  6488 | D:9      | Reached skill level 11 in Fighting
  6514 | D:9      | Found a staircase to the Orcish Mines.
  6685 | D:9      | Found a radiant altar of Vehumet.
  6693 | D:9      | Noticed Gastronok
  6707 | D:9      | Killed Gastronok
  6812 | D:9      | Found an iron altar of Okawaru.
  6812 | D:9      | Found a bloodstained altar of Trog.
  7000 | D:9      | Found an ornate altar of the Wu Jian Council.
  7056 | D:9      | Found Kuycw's General Store.
  7061 | D:9      | Bought a potion of mutation for 88 gold pieces
  7103 | D:9      | Noticed a cyclops
  7110 | D:9      | Killed a cyclops
  7110 | D:9      | Reached XP level 11. HP: 104/104 MP: 13/13
  7131 | D:9      | Found Xempudwy's General Store.
  7141 | D:9      | Bought a potion of mutation for 128 gold pieces
  7364 | D:9      | Reached ** piety under Makhleb
  7429 | D:10     | Entered Level 10 of the Dungeon
  7552 | D:10     | Noticed Grum
  7581 | D:10     | Killed Grum
  7708 | D:10     | Reached skill level 12 in Fighting
  7852 | D:10     | Reached skill level 5 in Invocations
  8050 | D:10     | Reached *** piety under Makhleb
  8200 | D:10     | Noticed a two-headed ogre
  8210 | D:10     | Killed a two-headed ogre
  8406 | D:11     | You fall into a shaft and drop 3 floors!
  8407 | D:14     | Noticed a deep elf mage
  8428 | D:14     | Noticed a centaur warrior
  8521 | D:14     | Found an opulent altar of Gozag.
  8564 | D:13     | Noticed a +5 long sword
  8571 | D:13     | Killed a +5 long sword
  8615 | D:13     | Noticed a +8 long sword
  8628 | D:13     | Killed a +8 long sword
  8760 | D:13     | Found a gate to the Vaults.
  8783 | D:13     | Reached skill level 13 in Fighting
  8936 | D:13     | Reached XP level 12. HP: 115/115 MP: 15/15
  8958 | D:13     | Reached skill level 10 in Shields
  8959 | D:13     | Reached **** piety under Makhleb
  9008 | D:13     | Found Asarixome's Weapon Boutique.
  9097 | D:13     | Reached skill level 10 in Armour
  9117 | D:13     | Noticed a centaur warrior
  9124 | D:13     | Killed a centaur warrior
  9363 | D:12     | Noticed Nergalle
  9373 | D:12     | Killed Nergalle
  9559 | D:12     | Noticed a two-headed ogre
  9569 | D:12     | Killed a two-headed ogre
  9651 | D:12     | Noticed Maurice
  9659 | D:12     | Killed Maurice
 10289 | D:12     | Reached skill level 14 in Fighting
 10456 | D:12     | Noticed a two-headed ogre
 10463 | D:12     | Killed a two-headed ogre
 10750 | D:11     | Found Gatsaf's Assorted Antiques.
 10771 | D:11     | Bought a scroll labeled MOUMYMUUDA for 25 gold pieces
 10771 | D:11     | Bought a scroll labeled FAARIA CUANK for 25 gold pieces
 10771 | D:11     | Identified a scroll of acquirement
 10773 | D:11     | Acquired the +5 tower shield "Sakerack" {rElec Str-2 Dex+7}
 10936 | D:11     | Reached ***** piety under Makhleb
 11059 | D:11     | Noticed a two-headed ogre
 11064 | D:11     | Killed a two-headed ogre
 11064 | D:11     | Reached XP level 13. HP: 125/125 MP: 17/17
 12043 | D:14     | Found a portal to a secret trove of treasure.
 12488 | D:14     | Found a runed translucent door.
 12488 | D:14     | Noticed Dido's ghost (journeyman MiFi)
 12500 | D:14     | Reached skill level 15 in Fighting
 13071 | Lair:1   | Entered Level 1 of the Lair of Beasts
 14104 | Lair:1   | Reached skill level 15 in Axes
 14226 | Lair:2   | Noticed Harold
 14238 | Lair:2   | Reached ****** piety under Makhleb
 14248 | Lair:2   | Killed Harold
 14378 | Lair:2   | Reached XP level 14. HP: 90/136 MP: 19/19
 15870 | Lair:4   | Found a staircase to the Shoals.
 16237 | Lair:4   | Reached skill level 16 in Fighting
 16269 | Lair:4   | Found a runed translucent door.
 16381 | Lair:4   | Found a staircase to the Snake Pit.
 17163 | D:15     | Entered Level 15 of the Dungeon
 18132 | D:15     | Found a staircase to the Depths.
 18570 | Snake:1  | Entered Level 1 of the Snake Pit
 18806 | Orc:1    | Entered Level 1 of the Orcish Mines
 19040 | Orc:1    | Noticed Cokeysmoke's ghost (journeyman GnWn)
 19043 | Orc:1    | Found a transporter.
 19058 | Orc:1    | Found a transporter.
 19059 | Orc:1    | Found a frozen archway.
 19224 | Orc:2    | Entered Level 2 of the Orcish Mines
 19430 | Orc:2    | Found a staircase to the Elven Halls.
 19638 | Orc:2    | Found Lipeseb's Magic Scroll Emporium.
 19696 | Orc:2    | Found a radiant altar of Vehumet.
 19717 | Orc:2    | Found Suj Codgh's Antique Weapon Emporium.
 19737 | Orc:2    | Found an ancient bone altar of Kikubaaqudgha.
 19814 | Orc:2    | Found a roughly hewn altar of Beogh.
 19814 | Orc:2    | Found Jeohesch's Distillery.
 19821 | Orc:2    | Found Cety Lip's Gadget Shoppe.
 19823 | Orc:2    | Paralysed by an ogre mage for 2 turns
 19829 | Orc:2    | Reached XP level 15. HP: 124/146 MP: 21/21
 19990 | Orc:2    | Bought a scroll of brand weapon for 360 gold pieces
 19990 | Orc:2    | Bought 3 scrolls of enchant weapon for 405 gold pieces
 19990 | Orc:2    | Bought a scroll of enchant armour for 135 gold pieces
 19990 | Orc:2    | Bought a scroll of enchant weapon for 135 gold pieces
 20313 | Snake:2  | Reached skill level 17 in Fighting
 20420 | Snake:2  | Noticed a nagaraja
 20421 | Snake:2  | Noticed a nagaraja
 20424 | Snake:2  | Noticed a nagaraja
 20428 | Snake:2  | Noticed a nagaraja
 20429 | Snake:2  | Noticed Aizul
 20431 | Snake:2  | HP: 2/147 [nagaraja/bolt of poison (10)]
 20432 | Snake:2  | Quit the game

Illustrated notes

Levels and vault maps discovered:
D:1:      sevenhm_arrival_forest_fort_large_2, layout_basic
D:2:      layout_basic, fedhas_altar_3, uniq_jessica
D:3:      layout_rooms
D:4:      layout_cave_pools, lemuel_round_altar, minmay_cut_off
D:5:      layout_basic, minmay_statues_item
D:6:      layout_loops_cross, uniq_prince_ribbit1
D:7:      kennysheep_housing_project, layout_basic, kennysheep_ying_yang,
          minmay_temple_entry_stoned_glass, basic_altar, uniq_duvessa
D:8:      layout_rooms, evilmike_ruin_ashenzari, grunt_temple_overflow_open,
          grunt_lair_entry_orc_guard_hut, makhleb_blood_cavern_becter,
          uniq_pikel
D:9:      layout_basic, grunt_temple_overflow_bloody_war, fiery_altar_vehumet,
          kennysheep_mini, orc_0_dummy, serial_shops, shop, shop, uniq_gastronok
D:10:     layout_roguey, minmay_misc_feat_nine_boxes, uniq_grum
D:11:     layout_roguey, serial_shops, shop
D:12:     layout_gridville, uniq_nergalle, uniq_maurice
D:13:     layout_roguey, erik_vaults_1, gauntlet_entry_generic, serial_shops,
          kennysheep_little_box
D:14:     layout_irregular_city, enter_trove_2, ebering_ghost_inner_flame,
          nicolae_gozag_seed_capital
D:15:     grunt_enter_depths_magical_seal, layout_basic,
          minmay_stone_trees_large
Temple:   cyrus_temple_forest
Lair:1:   layout_hall_layers, small_statue_intersection
Lair:2:   layout_loops_ring, special_room [special_room_bee], lemuel_fruit_tree,
          serial_bayou_shore_b, grunt_megastairs_1, uniq_harold
Lair:3:   layout_hall_layers
Lair:4:   gammafunk_mikee_crab_dinner, layout_small_grid,
          elwin_shoals_entry_rocks, minmay_snake_entry_guardpost_large,
          minmay_lair_oklob_chamber
Snake:1:  layout_layer_cave, special_room, grunt_megastairs_2
Snake:2:  nicolae_aizul_guard, layout_rooms, drop_trap
Orc:1:    layout_diamond_mine, portal_ice_cave_entry_pillars_1,
          gammafunk_ghost_arena, nicolae_orc_lava_room
Orc:2:    kennysheep_orc_mage_school, layout_caves, rock_pile

Skill      XL: |  1  2  3  4  5  6  7  8  9 10 11 12 13 14 15 |
---------------+----------------------------------------------+-----
Fighting       | 4 5 6 7 9 10 11 13 14 15 16 17 | 17.0
Axes           | 3 4 5 6 8 10 11 12 14 15 16 | 16.8
Armour         | 4 5 6 7 8 9 10 11 12 | 12.7
Shields        | 4 5 6 7 8 9 10 11 12 | 12.7
Invocations    | 2 4 5 7 8 9 |  9.5

Action                   |  1- 3 |  4- 6 |  7- 9 | 10-12 | 13-15 || total
-------------------------+-------+-------+-------+-------+-------++-------
Melee: War axe           |    35 |   124 |   245 |   563 |   813 ||  1780
       Headbutt          |     5 |    26 |    42 |   131 |   304 ||   508
Invok: Lesser Servant of |       |       |       |       |     8 ||     8
Evoke: Wand              |       |       |     3 |     2 |     2 ||     7
  Use: Scroll            |       |       |     8 |    14 |    14 ||    36
       Potion            |       |       |     2 |       |     5 ||     7
 Stab: Distracted        |       |       |       |       |     1 ||     1
Armor: Scale mail        |    18 |    55 |     2 |       |       ||    75
       Chain mail        |       |       |    20 |       |       ||    20
       Plate armour      |       |       |    83 |   214 |   351 ||   648
Dodge: Dodged            |     7 |    33 |    60 |    89 |    91 ||   280
Block: Kite shield       |    18 |    72 |   117 |   336 |       ||   543
       Tower shield      |       |       |       |    55 |   883 ||   938
       Reflection        |       |       |       |    11 |       ||    11

Table legend: (Time is in decaauts)
 A = Elapsed time spent in this place.
 B = Non-inter-level travel time spent in this place.
 C = Inter-level travel time spent in this place.
 D = Time resting spent in this place.
 E = Time spent auto-exploring this place.
 F = Levels seen in this place.
 G = Mean time per level.
                   A        B        C        D        E       F      G
               +--------+--------+--------+--------+--------+-----+--------+
         Total |  20443 |  18817 |   1626 |   1470 |  13920 |  24 |  851.8 |
       Dungeon |  14514 |  13543 |    971 |   1044 |   9984 |  15 |  967.6 |
        Temple |    147 |     91 |     56 |      0 |     88 |   1 |  147.0 |
          Lair |   4226 |   3745 |    481 |    426 |   2749 |   4 | 1056.5 |
     Snake Pit |    334 |    296 |     38 |      0 |    218 |   2 |  167.0 |
  Orcish Mines |   1219 |   1142 |     77 |      0 |    881 |   2 |  609.5 |
               +--------+--------+--------+--------+--------+-----+--------+

Top non-repeatable levels by time:
     D:7: 1569 daAuts
    D:12: 1465 daAuts
     D:6: 1319 daAuts
     D:5: 1316 daAuts
    D:13: 1302 daAuts
  Lair:4: 1262 daAuts
    D:14: 1200 daAuts
     D:9: 1157 daAuts
    D:15: 1134 daAuts
  Lair:1: 1120 daAuts
     D:4: 1045 daAuts
    D:10: 1005 daAuts
  Lair:2: 998 daAuts
  Lair:3: 845 daAuts
   Orc:2: 798 daAuts
